Map: Inside and Out

Players

gumiho

  • Race: Terran Terran
  • Spawn Location: 1:00

SKillous - Winner!

  • Race: Protoss Protoss
  • League: Grandmaster
  • Spawn Location: 7:00

Event: HomeStory Cup XXII

VOD

Have the link to the VOD?

Description

Time

  • Played on: Dec. 17, 2022, 3:49 p.m.
  • Length: 13:51

All games in this series

Show
View Real Time Build Order
Export as new Build Order

gumiho Terran 

Build Orders:  

Get SALT Encoding   

  12  0:00  SCV  
  13  0:12  SCV  
  14  0:17  Supply Depot  
  14  0:24  SCV  
  15  0:38  SCV  
  15  0:41  Barracks  
  16  0:45  Refinery  
  16  0:50  SCV  
  16  0:55  Refinery  
  17  1:03  SCV  
  18  1:15  SCV  
  19  1:29  Orbital Command  
  19  1:31  Reaper  
  20  1:43  Factory  
  20  1:47  Supply Depot  
  20  1:56  SCV  
  21  2:03  Reaper  
  21  2:08  SCV, Bunker  
  23  2:24  SCV  
  23  2:27  Hellion  
  26  2:31  Supply Depot  
  26  2:35  Reaper  
  26  2:43  SCV  
  27  2:50  Factory Tech Lab  
  26  2:56  SCV, Command Center  
  27  3:06  Barracks  
  27  3:08  SCV  
  27  3:10  Cyclone  
  31  3:20  SCV  
  31  3:26  Barracks  
  32  3:32  SCV  
  33  3:39  Engineering Bay  
  33  3:44  SCV  
  33  3:45  Siege Tank  
  37  3:53  Barracks Tech Lab  
  37  3:56  SCV  
  38  4:05  Refinery  
  38  4:08  Barracks Reactor  
  38  4:09  Orbital Command  
  38  4:12  SCV  
  38  4:15  Supply Depot  
  39  4:22  Siege Tank  
  39  4:23  Supply Depot  
  39  4:24  SCV  
  43  4:25  Marine x2  
  45  4:34  Terran Infantry Weapons Level 1  
  45  4:36  SCV  
  46  4:38  SCV  
  46  4:43  Marine x2  
  48  4:46  Supply Depot  
  48  4:48  SCV  
  48  4:51  Marine x2  
  51  4:54  Siege Tank  
  51  4:56  SCV  
  55  5:01  Marine  
  55  5:02  Marine  
  55  5:05  Stimpack  
  57  5:07  SCV  
  57  5:09  SCV, Marine x2  
  61  5:14  Supply Depot  
  61  5:19  Starport  
  61  5:20  SCV  
  62  5:21  SCV  
  62  5:22  Marine  
  62  5:23  Marine  
  62  5:26  Marine  
  66  5:32  SCV  
  66  5:33  SCV  
  68  5:36  Missile Turret  
  68  5:38  Refinery  
  68  5:40  Barracks Reactor  
  68  5:42  Siege Tank  
  71  5:44  SCV  
  71  5:46  SCV  
  73  5:52  Marine x2  
  73  5:56  SCV  
  76  5:58  SCV  
  76  6:00  Medivac  
  76  6:03  Supply Depot  
  79  6:05  Marine  
  79  6:10  Marine x2  
  82  6:12  SCV x2  
  84  6:24  SCV x2  
  84  6:25  Factory Reactor  
  85  6:27  Command Center  
  84  6:36  SCV x2, Terran Infantry Armor Level 1  
  85  6:51  Marauder, Marine x2  
  85  6:52  Medivac x2, Marauder  
  91  7:01  Barracks  
  91  7:02  Barracks  
  88  7:14  Marauder x2, Marine x2  
  94  7:21  Supply Depot, Combat Shield  
  94  7:23  Concussive Shells  
  94  7:24  Widow Mine x2  
  94  7:25  SCV x2  
  100  7:30  Supply Depot  
  100  7:37  Marauder  
  90  7:38  Marauder  
  90  7:39  Marine  
  90  7:40  Marine  
  90  7:42  SCV  
  90  7:43  SCV  
  88  7:48  Orbital Command  
  88  7:50  Barracks Tech Lab  
  88  7:51  Barracks Reactor  
  88  7:58  Marauder  
  92  7:59  Medivac x2  
  92  8:01  SCV  
  95  8:06  SCV  
  96  8:13  Ghost Academy, SCV  
  96  8:15  Marauder x2, Marine  
  96  8:18  SCV x2  
  104  8:23  Supply Depot  
  104  8:25  SCV  
  107  8:27  Marauder, Marine x2  
  109  8:37  Marine x4  
  109  8:45  Marine x2  
  109  8:47  SCV x3, Marine  
  113  8:50  Medivac x2  
  113  8:55  Marine x3  
  116  8:59  SCV x2  
  116  9:00  SCV  
  125  9:02  Widow Mine x2  
  125  9:06  Ghost x2  
  129  9:11  SCV x2, Enhanced Shockwaves  
  129  9:13  Ghost  
  133  9:18  Supply Depot, Marine x3  
  133  9:19  Supply Depot x2, Marine  
  137  9:26  Medivac x2  
  141  9:35  Armory  
  141  9:37  Refinery x2  
  141  9:39  Marine  
  141  9:41  Supply Depot  
  142  9:46  Marauder x2  
  142  9:52  Marine x3  
  148  9:55  Marine  
  148  9:56  Viking  
  148  9:57  Marauder  
  150  10:08  Marauder x2  
  150  10:09  Marine  
  150  10:10  Marine x2  
  150  10:12  Marine  
  154  10:19  Marauder  
  147  10:27  Marine x2  
  147  10:29  Marauder x2  
  147  10:32  Viking  
  147  10:34  Viking  
  147  10:35  Marine x2  
  155  10:40  Marauder  
  159  10:45  Missile Turret  
  159  10:50  Marauder  
  159  10:51  Marauder  
  159  10:52  Command Center  
  159  10:54  Terran Infantry Weapons Level 2  
  163  11:02  Widow Mine x2  
  168  11:04  SCV x3  
  170  11:11  Personal Cloaking  
  170  11:13  Sensor Tower  
  170  11:15  Marauder  
  172  11:21  Marauder  
  173  11:26  Marauder, Marine x2  
  172  11:36  Medivac x2  
  178  11:40  Marine x2  
  178  11:44  Marine  
  181  11:57  Ghost x2  
  181  12:03  Ghost  
  181  12:12  Medivac x2  
  185  12:16  Command Center  
  185  12:18  Barracks, Marine x2  
  185  12:19  Barracks  
  185  12:21  Barracks  
  187  12:26  Marauder x2, Marine x2  
  192  12:30  Missile Turret  
  192  12:32  Marauder  
  194  12:42  Planetary Fortress  
  193  12:51  Marine x2  
  187  12:55  Marauder  
  187  12:57  Marauder  
  187  12:58  Marauder, Marine  
  188  13:03  Supply Depot x2  
  188  13:05  Marine x2  
  188  13:18  Marine x3  
  188  13:19  Marauder x2  
  178  13:20  Marauder  
  178  13:23  Marine  
Show
View Real Time Build Order
Export as new Build Order

SKillous Protoss - Winner!

Build Orders: 1 Gate Expand, Blink Stalkers, Colossus Rush 

Get SALT Encoding   

  12  0:00  Probe  
  13  0:12  Probe  
  14  0:17  Pylon  
  14  0:24  Probe  
  15  0:36  Gateway  
  15  0:37  Probe (Chrono Boost)  
  16  0:46  Probe (Chrono Boost), Assimilator  
  17  0:51  Probe (Chrono Boost)  
  18  1:03  Probe  
  19  1:15  Probe  
  20  1:23  Cybernetics Core  
  20  1:33  Nexus  
  20  1:40  Pylon  
  20  1:41  Probe  
  21  1:51  Assimilator  
  21  1:53  Probe  
  22  1:57  Stalker (Chrono Boost)  
  24  2:05  Warp Gate, Probe  
  25  2:18  Probe  
  26  2:30  Probe  
  26  2:33  Shield Battery  
  27  2:42  Probe (Chrono Boost)  
  26  2:53  Probe (Chrono Boost)  
  26  2:54  Probe (Chrono Boost)  
  26  2:57  Stalker  
  29  3:01  Probe (Chrono Boost)  
  29  3:02  Twilight Council  
  31  3:07  Probe (Chrono Boost)  
  31  3:12  Probe (Chrono Boost)  
  32  3:17  Probe x2 (Chrono Boost)  
  34  3:22  Gateway  
  34  3:27  Probe x2 (Chrono Boost)  
  33  3:37  Blink (Chrono Boost)  
  33  3:39  Probe (Chrono Boost)  
  35  3:44  Probe (Chrono Boost)  
  35  3:46  Probe (Chrono Boost)  
  36  3:51  Probe  
  36  3:53  Probe  
  38  3:58  Robotics Facility  
  38  4:02  Stalker  
  40  4:04  Probe  
  40  4:07  Pylon  
  41  4:10  Probe  
  41  4:16  Probe  
  43  4:22  Probe  
  44  4:24  Stalker  
  44  4:25  Stalker  
  44  4:28  Probe  
  49  4:33  Pylon  
  49  4:34  Probe  
  49  4:36  Assimilator  
  48  4:39  Assimilator  
  48  4:42  Probe  
  48  4:45  Observer  
  50  4:49  Stalker x2  
  50  4:52  Probe, Pylon  
  55  4:59  Robotics Bay, Probe  
  56  5:04  Probe  
  57  5:09  Observer  
  57  5:12  Probe  
  59  5:20  Nexus, Observer  
  59  5:21  Probe  
  60  5:26  Probe  
  61  5:31  Charge (Chrono Boost)  
  61  5:33  Observer (Chrono Boost), Probe  
  63  5:37  Pylon  
  63  5:41  Observer  
  63  5:44  Probe  
  63  5:46  Gateway  
  63  5:47  Gateway  
  64  5:51  Colossus (Chrono Boost)  
  64  5:55  Probe  
  71  5:58  Pylon  
  71  5:59  Probe  
  72  6:09  Sentry, Extended Thermal Lance  
  76  6:17  Zealot, Gateway  
  76  6:24  Shield Battery  
  76  6:33  Sentry, Colossus (Chrono Boost)  
  76  6:37  Gateway  
  76  6:38  Probe  
  85  6:40  Zealot  
  85  6:41  Zealot  
  85  6:43  Shield Battery  
  87  6:50  Observer, Probe x3  
  90  6:54  Stalker  
  90  6:55  Observer, Pylon  
  90  6:58  Zealot  
  92  7:02  Probe x2  
  92  7:03  Zealot, Probe  
  92  7:08  Zealot  
  97  7:14  Probe  
  97  7:15  Zealot  
  100  7:16  Probe  
  100  7:20  Stalker x2  
  105  7:23  Probe  
  105  7:26  Stalker  
  105  7:27  Observer, Probe  
  109  7:31  Pylon  
  109  7:35  Sentry  
  105  7:39  Probe  
  105  7:40  Observer  
  105  7:41  Observer  
  105  7:44  Pylon  
  106  7:46  Pylon  
  106  7:47  Colossus (Chrono Boost), Assimilator  
  106  7:48  Pylon  
  106  7:51  Assimilator  
  112  7:52  Templar Archives, Probe  
  113  8:01  Probe  
  113  8:02  Probe  
  113  8:04  Probe  
  116  8:08  Pylon  
  116  8:09  Forge  
  116  8:15  Stalker x3  
  116  8:16  Zealot  
  124  8:21  Pylon  
  124  8:25  Warp Prism (Chrono Boost)  
  124  8:29  Stalker x2  
  124  8:34  Gateway  
  129  8:37  Gateway  
  125  8:48  Nexus  
  125  8:49  Pylon  
  125  8:53  Disruptor (Chrono Boost)  
  125  8:54  Pylon  
  117  8:55  Forge  
  117  9:01  Probe x2 (Chrono Boost)  
  117  9:02  Probe (Chrono Boost)  
  118  9:11  Probe x3 (Chrono Boost)  
  118  9:13  High Templar x5  
  118  9:14  High Templar  
  131  9:18  Archon x2  
  131  9:22  Archon  
  131  9:25  Photon Cannon, Probe  
  131  9:27  Protoss Ground Weapons Level 1 (Chrono Boost)  
  132  9:33  Zealot x2  
  132  9:34  Protoss Ground Armor Level 1 (Chrono Boost)  
  132  9:38  Photon Cannon  
  137  9:43  Disruptor (Chrono Boost)  
  139  9:47  Zealot  
  139  9:48  Zealot x2  
  145  9:54  Zealot x2  
  145  9:57  Stalker  
  150  10:04  Zealot x2  
  150  10:08  Probe x3  
  147  10:15  Disruptor (Chrono Boost), Robotics Facility  
  144  10:23  Probe x3  
  145  10:29  Observer  
  145  10:32  Probe  
  144  10:40  Dark Shrine  
  144  10:44  Disruptor (Chrono Boost), Nexus  
  144  10:46  Shield Battery  
  144  10:47  Pylon  
  144  10:48  Observer  
  144  10:49  Observer  
  144  10:52  Stalker x2  
  144  10:53  Stalker x2, Pylon  
  152  11:02  Disruptor (Chrono Boost)  
  152  11:05  Photon Cannon  
  152  11:06  Shield Battery  
  158  11:15  Disruptor (Chrono Boost), Stalker x3  
  158  11:18  Shield Battery  
  164  11:24  Photon Cannon  
  164  11:25  Zealot  
  168  11:38  Disruptor (Chrono Boost)  
  165  11:41  Zealot x7  
  165  11:43  Observer (Chrono Boost)  
  165  11:44  Shadow Stride  
  180  11:47  Pylon  
  180  11:50  Assimilator  
  178  11:54  Assimilator  
  178  11:57  Disruptor  
  181  12:07  Observer  
  182  12:16  Gateway  
  182  12:20  Gateway  
  182  12:21  Gravitic Drive (Chrono Boost), Pylon  
  182  12:27  Disruptor  
  185  12:31  Nexus  
  185  12:32  Warp Prism, Pylon  
  187  12:46  Pylon  
  181  13:02  Zealot x8  
  181  13:05  Warp Prism  
  199  13:09  Observer  
  151  13:38  Stalker  
  151  13:39  Stalker x9  
Tags
 
Add a new tag
Caveats
  • Supply blocks, unpowered buildings, or Contaminate may cause inaccurate times.
  • Supply counts are checked every 10 seconds.